 Dungeon Crawl Stone Soup version 0.28.0-43-g3370ac3207 (webtiles) character file.

Game seed: 12347420591649056729

2 Ablot the Grasshopper (level 1, 0/20 HPs)
             Began as a Gnoll Warper on Mar 19, 2022.
             Slain by a frilled lizard (1 damage)
             ... on level 1 of the Dungeon.
             The game lasted 00:00:09 (48 turns).

Ablot the Grasshopper (Gnoll Warper)                  Turns: 48, Time: 00:00:10

Health: 0/20       AC:  3    Str: 10    XL:     1   Next: 30%
Magic:  6/6        EV: 12    Int: 12    God:
Gold:   0          SH:  0    Dex: 11    Spells: 9/9 levels left

rFire   . . .      SeeInvis .   a - +0 spear
rCold   . . .      Faith    .   (no shield)
rNeg    . . .      Spirit   .   b - +0 leather armour
rPois   .          Reflect  .   (no helmet)
rElec   .          Harm     .   (no cloak)
rCorr   .          Rampage  .   (no gloves)
Will    .....                   (no boots)
Stlth   +.........              (no amulet)
HPRegen 0.06/turn               (no ring)
MPRegen 0.10/turn               (no ring)

@: no status effects
A: fangs 1, strong nose, distributed training
a: no special abilities


You were on level 1 of the Dungeon.
You visited 1 branch of the dungeon, and saw 1 of its levels.

Inventory:

Hand Weapons
 a - a +0 spear (weapon)
Missiles
 d - 5 boomerangs of dispersal (quivered)
Armour
 b - a +0 leather armour (worn)
Scrolls
 c - a scroll of blinking


   Skills:
 + Level 4.4 Fighting
 + Level 0.0 Short Blades
 + Level 0.0 Long Blades
 + Level 0.0 Axes
 + Level 0.0 Maces & Flails
 + Level 4.4 Polearms
 + Level 0.0 Staves
 + Level 0.0 Slings
 + Level 0.0 Bows
 + Level 0.0 Crossbows
 + Level 2.3 Throwing
 + Level 2.3 Armour
 + Level 4.4 Dodging
 + Level 0.0 Stealth
 + Level 0.0 Shields
 + Level 0.0 Unarmed Combat
 + Level 4.8 Spellcasting
 + Level 0.0 Conjurations
 + Level 0.0 Hexes
 + Level 0.0 Summonings
 + Level 0.0 Necromancy
 + Level 5.3 Translocations
 + Level 0.0 Transmutations
 + Level 0.0 Fire Magic
 + Level 0.0 Ice Magic
 + Level 0.0 Air Magic
 + Level 0.0 Earth Magic
 + Level 0.0 Poison Magic
 + Level 0.1 Invocations
 + Level 0.0 Evocations


You had 9 spell levels left.
You didn't know any spells.
Your spell library contained the following spells:

 Spells                   Type           Power      Damage    Failure   Level
 Blink                    Tloc           30%        N/A       4%          2
 Gell's Gravitas          Tloc           15%        N/A       9%          3
 Lesser Beckoning         Tloc           15%        N/A       9%          3
 Teleport Other           Tloc           15%        N/A       9%          3
 Manifold Assault         Tloc           15%        N/A       63%         5


Dungeon Overview and Level Annotations

Branches:
Dungeon (1/15)

Altars:


Innate Abilities, Weirdness & Mutations

You have very sharp teeth.
Your uncanny sense of smell can sniff out nearby items.
Your experience applies equally to all skills.


Message History

You closely miss the frilled lizard. The frilled lizard misses you.
The gnoll hits you from afar with a +0 spear.
You barely miss the frilled lizard. The frilled lizard bites you. x2
You hit the frilled lizard.
You kill the frilled lizard!
The gnoll barely misses you.
You miss the frilled lizard. The frilled lizard barely misses you.
The gnoll hits you from afar with a +0 spear.
You are too injured to fight recklessly!
You are too injured to fight recklessly!
You are too injured to fight recklessly!
You are too injured to fight recklessly!
You are too injured to fight recklessly!
You are too injured to fight recklessly!
You are too injured to fight recklessly!
You are too injured to fight recklessly!
You are too injured to fight recklessly!
You are too injured to fight recklessly!
You are too injured to fight recklessly!
You are too injured to fight recklessly!
You are too injured to fight recklessly!
You are too injured to fight recklessly!
You are too injured to fight recklessly!
You are too injured to fight recklessly!
The frilled lizard hisses.
The giant cockroach bites you but does no damage.
You barely miss the frilled lizard. Your bite misses the frilled lizard.
The frilled lizard closely misses you. The gnoll barely misses you.
You barely miss the frilled lizard. Your bite misses the frilled lizard.
The frilled lizard closely misses you. The gnoll misses you.
You barely miss the frilled lizard. The frilled lizard bites you.
* * * LOW HITPOINT WARNING * * *
The gnoll hits you from afar with a +0 spear.
* * * LOW HITPOINT WARNING * * *
You closely miss the frilled lizard. The frilled lizard bites you.
* * * LOW HITPOINT WARNING * * *
The gnoll hits you from afar with a +0 spear.
* * * LOW HITPOINT WARNING * * *
You closely miss the frilled lizard. The frilled lizard bites you.
You die...

#+# #@# ≈ #l#
≈≈ #g# ≈≈≈
#B###### ≈≈≈≈
#......##..≈≈≈
#.............
#......†.....#
#.............
#.#......(...#


You could see a gnoll, a giant cockroach and a frilled lizard.

Vanquished Creatures
  A ball python (D:1)
  2 frilled lizards (D:1)
3 creatures vanquished.

Notes
Turn   | Place    | Note
-------+----------+-------------------------------------------
     0 | D:1      | Ablot the Gnoll Warper began the quest for the Orb.
     0 | D:1      | Reached XP level 1. HP: 20/20 MP: 6/6
    47 | D:1      | HP: 1/20 [gnoll/+0 spear (3)]
    48 | D:1      | Slain by a frilled lizard

Illustrated notes

Levels and vault maps discovered:
D:1:      psy_arrival_fountain, layout_basic, ebering_ecumenical_altar_box,
          minmay_lizard_pond

Action                   || total
-------------------------++-------
Melee: Spear             ||    14
Armor: Leather armour    ||     1
Dodge: Dodged            ||    11
